 Dungeon Crawl Stone Soup version 0.30-a0-637-gacddeb6d44 (webtiles) character file.

Game seed: 3695264119728346878

105 HoaS the Shooter (level 4, -1/26 HPs)
             Began as a Gargoyle Hunter on Jan 15, 2023.
             Slain by a steam dragon (3 damage)
             ... on level 2 of the Dungeon.
             The game lasted 00:03:31 (1588 turns).

HoaS the Shooter (Gargoyle Hunter)                  Turns: 1588, Time: 00:03:31

Health: -1/26      AC:  9    Str: 15    XL:     4   Next: 83%
Magic:  4/4        EV: 11    Int:  9    God:
Gold:   112        SH:  0    Dex: 15    Spells: 3/3 levels left

rFire   . . .      SeeInvis .    a - +0 shortbow
rCold   . . .      Faith    .    (shield currently unavailable)
rNeg    + . .      Spirit   .    c - +1 leather armour
rPois   ∞          Reflect  .    h - +0 helmet
rElec   +          Harm     .    (no cloak)
rCorr   .          Rampage  .    f - +0 pair of gloves
Will    .....                    (no boots)
Stlth   ++                       (no amulet)
HPRegen 0.24/turn                (no ring)
MPRegen 0.09/turn                (no ring)

@: invisible
A: sickness immunity, AC +3, negative energy resistance 1, electricity
resistance, torment resistance 1, petrification resistance
a: no special abilities


You were on level 2 of the Dungeon.
You visited 1 branch of the dungeon, and saw 3 of its levels.

You collected 112 gold pieces.

Inventory:

Hand Weapons
 a - a +0 shortbow (weapon)
Armour
 c - a +1 leather armour (worn)
 f - a +0 pair of gloves (worn)
 h - a +0 helmet (worn)
Scrolls
 b - a scroll of immolation
 d - 2 scrolls of teleportation
Potions
 e - 3 potions of curing
 j - a potion of brilliance {unknown}
 k - a potion of flight {unknown}
 l - a potion of mutation {unknown}


   Skills:
 - Level 2.1 Fighting
 + Level 6.0 Ranged Weapons
 - Level 1.5 Dodging
 - Level 1.1 Stealth


You had 3 spell levels left.
You didn't know any spells.
Your spell library was empty.

Dungeon Overview and Level Annotations

Branches:
Dungeon (3/15)

Altars:


Innate Abilities, Weirdness & Mutations

You are immune to sickness and miasma.
Your stone body is resilient. (AC +3)
You are immune to poison.
You resist negative energy. (rN+)
You are resistant to electric shocks. (rElec)
You are resistant to unholy torment.
You are immune to petrification.


Message History

There is a stone staircase leading down here.
You fade into invisibility!
The steam dragon bites you but does no damage.
The steam dragon closely misses you.
You shoot an arrow.
The arrow hits the steam dragon but does no damage.
The steam dragon is lightly wounded.
The steam dragon closely misses you.
The steam dragon claws you but does no damage.
The steam dragon closely misses you. x2
You shoot an arrow.
The arrow closely misses the steam dragon.
The steam dragon misses you. The steam dragon closely misses you.
You shoot an arrow. The arrow hits the steam dragon.
The steam dragon is lightly wounded.
The steam dragon closely misses you. x2
You shoot an arrow. The arrow hits the steam dragon!
The steam dragon is moderately wounded.
The steam dragon misses you. The steam dragon claws you.
You shoot an arrow.
The arrow hits the steam dragon but does no damage.
The steam dragon is moderately wounded.
The steam dragon closely misses you. The steam dragon barely misses you. x3
You shoot an arrow. The arrow hits the steam dragon.
The steam dragon is heavily wounded.
The steam dragon breathes steam at you. The ball of steam misses you.
You shoot an arrow.
The arrow barely misses the steam dragon.
The steam dragon closely misses you. The steam dragon completely misses you.
You shoot an arrow. The arrow hits the steam dragon.
The steam dragon is heavily wounded.
The steam dragon breathes steam at you. The ball of steam hits you!
Ouch! That really hurt!
* * * LOW HITPOINT WARNING * * *
You shoot an arrow. The arrow hits the steam dragon!
The steam dragon is severely wounded.
The steam dragon bites you.
You die...

...........................#...#.
############..##...##..##.##.#...
##†##.#...........##.#
#....#..#..#......#..
####.......#......##.
#.......#.......).
#..##.............
#D.#..#.#.<.......
#@.#.##........#..
#§)#.####.........
#§§#.####......#..
###....##........#..
###....#....#......##.
#........############. #......###
#. #......# ## #......#


You could see a steam dragon (unable to see you, catching breath).

Vanquished Creatures
  Robin (D:2)
  3 adders
  3 dart slugs
  An orc (D:2)
  3 ball pythons
  4 endoplasms
  2 giant cockroaches (D:1)
  12 goblins
  8 hobgoblins (D:1)
  2 quokkas
  5 bats
  5 frilled lizards
  4 kobolds
  4 rats
57 creatures vanquished.

Vanquished Creatures (others)
  An orc priest (D:3)
  An orc (D:3)
2 creatures vanquished.

Grand Total: 59 creatures vanquished

Notes
Turn   | Place    | Note
-------+----------+-------------------------------------------
     0 | D:1      | HoaS the Gargoyle Hunter began the quest for the Orb.
     0 | D:1      | Reached XP level 1. HP: 12/12 MP: 1/1
   168 | D:1      | Reached XP level 2. HP: 17/17 MP: 2/2
   479 | D:1      | Reached XP level 3. HP: 21/21 MP: 3/3
   522 | D:1      | Reached skill level 5 in Ranged Weapons
   837 | D:2      | Noticed Robin
  1030 | D:2      | Killed Robin
  1031 | D:2      | Reached XP level 4. HP: 25/26 MP: 4/4
  1360 | D:3      | Reached skill level 6 in Ranged Weapons
  1438 | D:3      | Noticed a steam dragon
  1588 | D:2      | Slain by a steam dragon

Illustrated notes

Levels and vault maps discovered:
D:1:      dpeg_arrival_tiny_c, layout_basic, grunt_decor_resistance,
          dreamdust_princess_corridor
D:2:      layout_rooms, uniq_robin
D:3:      layout_loops_ring, nzn_wu_jian_contemplation, elyvilon_altar_3,
          gup_sewer_entry_pipe, minmay_lizard_king, uniq_crazy_yiuf_cottage

Skill      XL: |  1  2  3  4 |
---------------+-------------+-----
Ranged Weapons | 5 6 |  6.0
Fighting       | |  2.1
Dodging        | |  1.5
Stealth        | |  1.1

Action                   |  1- 3 |  4- 6 || total
-------------------------+-------+-------++-------
 Fire: Shortbow          |   105 |    61 ||   166
  Use: Scroll            |     3 |     1 ||     4
       Potion            |       |     1 ||     1
Armor: Leather armour    |    46 |    15 ||    61
Dodge: Dodged            |    67 |    34 ||   101

Table legend: (Time is in decaauts)
 A = Elapsed time spent in this place.
 B = Non-inter-level travel time spent in this place.
 C = Inter-level travel time spent in this place.
 D = Time resting spent in this place.
 E = Time spent auto-exploring this place.
 F = Levels seen in this place.
 G = Mean time per level.
                   A        B        C        D        E       F      G
               +--------+--------+--------+--------+--------+-----+--------+
         Total |   1639 |   1554 |     85 |    197 |    952 |   3 |  546.3 |
       Dungeon |   1639 |   1554 |     85 |    197 |    952 |   3 |  546.3 |
               +--------+--------+--------+--------+--------+-----+--------+

Top non-repeatable levels by time:
     D:1: 1040 daAuts
     D:2: 390 daAuts
     D:3: 208 daAuts
